 Dungeon Crawl Stone Soup version 0.27.1-1-g398f81649c (webtiles) character file.

Game seed: 3215334977746577937

839 speeev33 the Skirmisher (level 8, -4/71 HPs)
             Began as a Hill Orc Fighter on Sept 13, 2021.
             Slain by a two-headed ogre (22 damage)
             ... on level 5 of the Dungeon.
             The game lasted 00:06:04 (4097 turns).

speeev33 the Skirmisher (Hill Orc Fighter)          Turns: 4097, Time: 00:06:05

Health: -4/71      AC: 10    Str: 21    XL:     8   Next: 0%
Magic:  8/8        EV:  8    Int:  8    God:
Gold:   199        SH: 11    Dex: 10    Spells: 7/7 levels left

rFire    . . .     SeeInvis .   a - +0 war axe (flame)
rCold    . . .     Faith    .   c - +1 kite shield
rNeg     . . .     Spirit   .   b - +0 scale mail
rPois    .         Reflect  .   (no helmet)
rElec    .         Harm     .   (no cloak)
rCorr    .         Rampage  .   h - +0 pair of gloves
Will     .....                  m - +0 pair of boots
Stlth    ..........             (no amulet)
HPRegen  0.21/turn              (no ring)
MPRegen  0.11/turn              (no ring)

@: mighty
A: no striking features
a: no special abilities


You were on level 5 of the Dungeon.
You visited 1 branch of the dungeon, and saw 5 of its levels.

You collected 199 gold pieces.

Inventory:

Hand Weapons
 a - a +0 war axe of flaming (weapon)
 i - a +0 morningstar
Armour
 b - a +0 scale mail (worn)
 c - a +1 kite shield (worn)
 h - a +0 pair of gloves (worn)
 m - a +0 pair of boots (worn)
Wands
 l - a wand of digging (3)
 n - a wand of polymorph (2)
Scrolls
 g - a scroll of blinking
 j - 2 scrolls of teleportation
 k - 2 scrolls of enchant armour
Potions
 e - 2 potions of lignification
 f - 2 potions of heal wounds
 o - 2 potions of brilliance
 p - a potion of curing
 q - a potion of invisibility {unknown}


   Skills:
 + Level 6.3 Fighting
 + Level 6.2 Axes
 + Level 5.7 Armour
 + Level 5.7 Shields


You had 7 spell levels left.
You didn't know any spells.
Your spell library contained the following spells:

 Spells                   Type           Power      Damage    Failure   Level
 Summon Small Mammal      Summ           0%         N/A       98%         1
 Call Canine Familiar     Summ           0%         N/A       100%        3
 Summon Guardian Golem    Hex/Summ       0%         N/A       100%        3


Dungeon Overview and Level Annotations

Branches:
Dungeon (5/15)
 Temple: D:4-7

Altars:
Ashenzari
Hepliaklqana
Yredelemnul

Shops:
D:1 (   D:3 (   D:4 [   D:5 *

Annotations:
D:3 2 transporters, speeev33's ghost, amateur HOFi


Message History

You slash the bullfrog zombie! You burn the bullfrog zombie.
The bullfrog zombie is heavily damaged.
The bullfrog zombie hits you but does no damage.
You block the bullfrog zombie's attack.
Your shield prevents you from hitting the bullfrog zombie.
The bullfrog zombie is heavily damaged.
You block the bullfrog zombie's attack. x2
You slash the bullfrog zombie! You burn the bullfrog zombie!
You destroy the bullfrog zombie!
You have reached level 8!
Found a scroll of teleportation.
Found a hunting sling.
Found 14 gold pieces.
A two-headed ogre comes into view.
It is wielding a +0 giant spiked club and a +0 giant club.
The two-headed ogre shouts in stereo!
A two-headed ogre is nearby!
Aiming: Polymorph
Press: ? - help, Shift-Dir - straight line, f - two-headed ogre
Aim: a two-headed ogre, wielding a +0 giant spiked club and a +0 giant club (will become a swamp worm, an eye of devastation, or a water nymph, chance to affect: 28%)
Okay, then.
Unknown command.
Okay, then.
You feel very mighty all of a sudden.
You slice the two-headed ogre!! You burn the two-headed ogre.
The two-headed ogre is moderately wounded.
The two-headed ogre hits you but does no damage.
The two-headed ogre hits you with a +0 giant club!
You slash the two-headed ogre! You burn the two-headed ogre.
The two-headed ogre is heavily wounded.
The two-headed ogre hits you with a +0 giant spiked club!
The two-headed ogre hits you with a +0 giant club!
You slash the two-headed ogre! You burn the two-headed ogre.
The two-headed ogre is severely wounded.
The two-headed ogre closely misses you. You block the two-headed ogre's attack.
You slash the two-headed ogre! You burn the two-headed ogre.
The two-headed ogre is almost dead.
The two-headed ogre hits you with a +0 giant spiked club!
* * * LOW HITPOINT WARNING * * *
The two-headed ogre hits you with a +0 giant club!!
You die...

...#####.## #..#
..........) ...#
....##########.### ....#
#....... #.#.# #.##.#)#
..#.# #.# .#.## .
....#######.# ... ..P
.##.##......# #O# #..PP
....##.###..####@##......
...................?.....
..#.##.#...###.#####...$.
#.#.##.....# #.# ...
....####....##.# . #.###
##.#.##.# #.# #<#.##.#
#.### #......# ....#
###.####


You could see a two-headed ogre.

Vanquished Creatures
  Sigmund (D:4)
  A necrophage (D:5)
  An ice beast (D:5)
  An ogre (D:5)
  A scorpion (D:5)
  A hound (D:5)
  2 bullfrog zombies (D:5)
  A jelly (D:4)
  A centaur skeleton (D:2)
  Natasha (D:4)
  Ijyb (D:3)
  A howler monkey zombie (D:5)
  4 adders
  4 gnolls
  A shadow imp (D:5)
  An ufetubus (D:5)
  A worm (D:3)
  A dart slug (D:2)
  3 orcs
  5 bats
  6 endoplasms
  4 goblins
  4 hobgoblins
  4 kobolds
  7 quokkas
  4 ball pythons
  A frilled lizard (D:3)
  A rat (D:2)
  A spectral orc (D:3)
65 creatures vanquished.

Vanquished Creatures (others)
  48 fungi (D:5)
48 creatures vanquished.

Grand Total: 113 creatures vanquished

Notes
Turn   | Place    | Note
-------+----------+-------------------------------------------
     0 | D:1      | speeev33 the Hill Orc Fighter began the quest for the Orb.
     0 | D:1      | Reached XP level 1. HP: 19/19 MP: 1/1
   182 | D:1      | Reached XP level 2. HP: 27/27 MP: 2/2
   188 | D:1      | Found a faded altar of an unknown god.
   530 | D:1      | Found Ypekh's Antique Weapon Boutique.
   862 | D:1      | Reached XP level 3. HP: 13/33 MP: 3/3
  1120 | D:2      | Found a broken altar of Ashenzari.
  1158 | D:2      | Reached XP level 4. HP: 19/40 MP: 4/4
  1510 | D:2      | Reached XP level 5. HP: 47/47 MP: 5/5
  1666 | D:3      | Found Juvir's Weapon Boutique.
  2093 | D:3      | Found a basalt altar of Yredelemnul.
  2093 | D:3      | Noticed Ijyb
  2098 | D:3      | Killed Ijyb
  2357 | D:3      | Noticed a centaur
  2357 | D:3      | Noticed speeev33's ghost (amateur HOFi)
  2358 | D:3      | Found a transporter.
  2374 | D:3      | Found a transporter.
  2631 | D:4      | Noticed Sigmund
  2781 | D:4      | Killed Sigmund
  2782 | D:4      | Reached skill level 5 in Fighting
  2782 | D:4      | Reached XP level 6. HP: 56/56 MP: 6/6
  2864 | D:4      | Reached skill level 5 in Axes
  2940 | D:4      | Found Heukem's Antique Armour Emporium.
  2954 | D:4      | Noticed Natasha
  2967 | D:4      | Killed Natasha
  2968 | D:4      | Reached skill level 5 in Armour
  2968 | D:4      | Reached skill level 5 in Shields
  3097 | D:4      | Found a hazy altar of Hepliaklqana.
  3098 | D:4      | Found a broken altar of Ashenzari.
  3300 | D:5      | Entered Level 5 of the Dungeon
  3306 | D:5      | Reached XP level 7. HP: 59/61 MP: 7/7
  3888 | D:5      | Found Tizibox's Elemental Accessories.
  4085 | D:5      | Reached XP level 8. HP: 71/71 MP: 8/8
  4091 | D:5      | Noticed a two-headed ogre
  4097 | D:5      | Slain by a two-headed ogre

Illustrated notes

Levels and vault maps discovered:
D:1:      minmay_arrival_plants_in_alcoves, layout_basic, serial_shops, shop,
          basic_ecumenical_altar, minmay_misc_feat_enclosed
D:2:      layout_rooms, basic_altar, wad_floor_pattern_untrapped,
          kennysheep_generic_room_13
D:3:      layout_basic, yredelemnul_forgotten_temple_becter,
          gammafunk_ghost_arena, serial_shops, shop, uniq_ijyb
D:4:      layout_rooms, chequers_temple_overflow_statue_of_worship,
          serial_shops, nicolae_inconvenience_store, grunt_decor_mini_mirrors,
          uniq_sigmund, uniq_natasha
D:5:      layout_loops_cross, mainiacjoe_overflow_catch_the_wave,
          amcnicky_mini_corridor_feature, ebering_dispersal_statue_hall,
          nicolae_elemental_shop

Skill      XL: |  1  2  3  4  5  6  7 |
---------------+----------------------+-----
Axes           | 3 4 5 6 |  6.2
Fighting       | 4 5 6 |  6.3
Armour         | 4 5 |  5.7
Shields        | 4 5 |  5.7

Action                   |  1- 3 |  4- 6 |  7- 9 || total
-------------------------+-------+-------+-------++-------
Melee: War axe           |    59 |    78 |    51 ||   188
       Unarmed           |       |     3 |       ||     3
  Use: Scroll            |     4 |     6 |     3 ||    13
       Potion            |       |     1 |     1 ||     2
Armor: Scale mail        |    25 |    44 |    11 ||    80
Dodge: Dodged            |    29 |    21 |    17 ||    67
Block: Kite shield       |    33 |    46 |    25 ||   104
